 Dungeon Crawl Stone Soup version 0.28-a0-697-g47f3eba078 (webtiles) character file.

Game seed: 5289915874620872829

1285 jasper the Basher (level 8, -2/47 (54) HPs)
             Began as a Demonspawn Artificer on Oct 23, 2021.
             Was an Initiate of Ashenzari.
             Succumbed to a gnoll's poison
             ... on level 6 of the Dungeon.
             The game lasted 00:10:12 (4986 turns).

jasper the Basher (Demonspawn Artificer)            Turns: 4986, Time: 00:10:13

HP:   -2/47 (54)    AC:  9    Str: 14    XL:     8   Next: 29%
MP:   8/8           EV:  4    Int: 13    God:    Ashenzari [......]
Gold: 102           SH: 10    Dex: 14    Spells: 7/7 levels left

rFire   . . .      SeeInvis .   y - +0 whip (elec)
rCold   + . .      Faith    .   w - +0 tower shield
rNeg    . . .      Spirit   .   p - +1 scale mail {rC+}
rPois   .          Reflect  .   A - +0 helmet
rElec   .          Harm     .   F - scarf {repulsion}
rCorr   +          Rampage  .   (no gloves)
Will    .....                   H - +0 pair of boots of Ashenzari's Planets {Melee, Bglg} (curse)
Stlth   ..........              c - amulet of regeneration
HPRegen 1.15/turn               f - ring of resist corrosion
MPRegen 0.11/turn               (no ring)

@: lethally poisoned (-2 -> -18), lit by a corona, glowing, heavily drained,
repel missiles
A: foul stench 1, demonic magic 2, weakness stinger 2
a: Renounce Religion, Shatter the Chains


You were on level 6 of the Dungeon.
You worshipped Ashenzari.
Ashenzari was noncommittal.
You visited 2 branches of the dungeon, and saw 7 of its levels.

You collected 210 gold pieces.
You spent 108 gold pieces at shops.

Inventory:

Hand Weapons
 a - a +0 club
 g - a +0 whip
 o - a +0 mace
 q - a +0 flail of protection
 s - a +1 antimagic hand axe
 t - a +0 trident
 y - a +0 whip of electrocution (weapon)
Missiles
 h - 102 stones (quivered)
 m - 6 datura-tipped darts
 G - 5 boomerangs
Armour
 b - a +0 leather armour
 i - a +1 ring mail
 l - a +1 scale mail of fire resistance
 p - a +1 scale mail of cold resistance (worn)
 w - a +0 tower shield (worn)
 A - a +0 helmet (worn)
 F - a scarf of repulsion (worn)
 H - the cursed +0 pair of boots of Ashenzari's Planets (worn) {Melee, Bglg}
   (You found it on level 5 of the Dungeon)

   It has a curse which improves the following skills: Melee Combat: Short
   Blades, Long Blades, Axes, Maces & Flails, Polearms, Staves and Unarmed
   Combat.
   Beguiling: Conjurations, Hexes and Translocations.
Jewellery
 c - an amulet of regeneration (around neck)
 f - a ring of resist corrosion (left hand)
 C - a ring of fire
Wands
 d - a wand of charming (11)
 r - a wand of digging (3)
 K - a wand of mindburst (5)
Scrolls
 z - 2 scrolls of enchant armour
 D - a scroll of teleportation
 E - 2 scrolls of magic mapping
 I - a scroll of vulnerability
 J - a scroll of fog
Potions
 j - 9 potions of curing
 k - 2 potions of cancellation
 n - a potion of heal wounds
 u - 2 potions of mutation
 v - a potion of might
 x - 3 potions of lignification
 B - a potion of attraction
Miscellaneous
 e - a piece from Xom's chessboard (15/15)


   Skills:
 - Level 1.0 Fighting
 * Level 9.2(9.7) Maces & Flails
 - Level 1.7 Armour
 - Level 0.8 Dodging
 - Level 0.8 Stealth
 - Level 3.0 Evocations


You had 7 spell levels left.
You didn't know any spells.
Your spell library contained the following spells:

 Spells                   Type           Power      Damage    Failure   Level
 Freeze                   Ice            0%         1d3       100%        1
 Slow                     Hex            0%         N/A       100%        2
 Confusing Touch          Hex            0%         N/A       100%        3
 Frozen Ramparts          Ice            0%         1d2       100%        3
 Vampiric Draining        Necr           0%         2d6       100%        3
 Hailstorm                Conj/Ice       0%         3d3       100%        4
 Summon Ice Beast         Ice/Summ       0%         N/A       100%        4
 Summon Mana Viper        Hex/Summ       0%         N/A       100%        5
 Monstrous Menagerie      Summ           0%         N/A       100%        7


Dungeon Overview and Level Annotations

Branches:
Dungeon (6/15)             Temple (1/1) D:4

Altars:
Ashenzari
Dithmenos
Elyvilon
Gozag
Hepliaklqana
Kikubaaqudgha
Makhleb
Nemelex Xobeh
Sif Muna
Trog
Uskayaw
Vehumet
Wu Jian
Xom
Yredelemnul

Shops:
D:3 !

Annotations:
D:3 Ijyb
D:4 2 runed translucent doors, Aneyh's ghost, novice DgFi


Innate Abilities, Weirdness & Mutations

You may rarely emit foul miasma when damaged in melee.
Spells you cast may paralyse nearby enemies.
You have a tail ending in a sharp stinger.


Message History

Your shield and scale mail prevent you from hitting the gnoll.
The gnoll is lightly wounded.
You feel sick. You block the gnoll's attack.
The gnoll hits you but does no damage.
You feel drained.
You hit the gnoll but do no damage.
The gnoll is lightly wounded.
You feel sick.
The gnoll hits you with a +1 whip of venom.
You are more poisoned.
The gnoll hits you but does no damage.
You feel drained.
You take 3 damage, and have 26/49 hp.
You hit the gnoll.
The gnoll is moderately wounded.
You feel sick.
The gnoll hits you with a +1 whip of venom.
You are more poisoned.
The gnoll hits you with a +0 flail of draining.
You feel drained.
You take 8 damage, and have 18/48 hp.
You barely miss the gnoll.
The gnoll is moderately wounded.
You feel very sick. You block the gnoll's attack. x2
You take 1 damage, and have 17/48 hp.
You hit the gnoll but do no damage. Lightning courses through the gnoll!
The gnoll is severely wounded.
You feel sick. You block the gnoll's attack.
The gnoll hits you with a +0 flail of draining.
* * * LOW HITPOINT WARNING * * *
You feel drained.
The gnoll hits you with a +1 whip of venom.
* * * LOW HITPOINT WARNING * * *
You are lethally poisoned!
You take 9 damage, and have 8/47 hp.
* * * LOW HITPOINT WARNING * * *
You feel very sick. The gnoll hits you but does no damage.
You are more poisoned.
You take 5 damage, and have 3/47 hp.
You die...

#### ####..... .
#####....#########. #.....#
......... ##### #.#..g#
########### #####...#
#.#@#ggg......gg..
...<..#.######.#.################
......#.#........#.).)...........
......#.######.....##############
......#.....##...#.##...........#
......#####.##...#....#########.#
..........#.##.#.#.#......# #..
..........#)#..#.#.#......# ###
..........#)##.#.#.#......# #


You could see a gnoll.

Vanquished Creatures
  A water moccasin (D:6)
  A sky beast (D:5)
  A phantom (D:5)
  A scorpion (D:5)
  2 water moccasin skeletons
  A centaur zombie (D:5)
  2 hounds
  2 orc priests
  A jelly (D:4)
  A centaur skeleton (D:5)
  A gnoll shaman (D:6)
  An iguana (D:4)
  Terence (D:2)
  3 orc wizards
  2 hound skeletons
  A gnoll (D:2)
  9 adders
  An ufetubus (D:5)
  2 worms
  4 dart slugs
  15 orcs
  9 ball pythons
  5 endoplasms
  5 giant cockroaches
  10 hobgoblins
  4 jackals (D:2)
  7 quokkas
  A bat (D:2)
  2 frilled lizards
  10 goblins
  4 kobolds
  9 rats
119 creatures vanquished.

Vanquished Creatures (collateral kills)
  Sigmund (D:3)
  2 orc priests
  3 gnolls (D:2)
  4 orcs
  A ball python (D:2)
  A frilled lizard (D:3)
12 creatures vanquished.

Grand Total: 131 creatures vanquished

Notes
Turn   | Place    | Note
-------+----------+-------------------------------------------
     0 | D:1      | jasper the Demonspawn Artificer began the quest for the
                  | Orb.
     0 | D:1      | Reached XP level 1. HP: 15/15 MP: 1/1
    60 | D:1      | Reached skill level 1 in Maces & Flails
    74 | D:1      | Gained mutation: Spells you cast may paralyse adjacent
                  | enemies. [demonic ancestry]
    74 | D:1      | Reached XP level 2. HP: 5/21 MP: 2/2
   547 | D:1      | Reached skill level 2 in Maces & Flails
   786 | D:1      | Reached XP level 3. HP: 21/26 MP: 3/3
  1275 | D:2      | Found an opulent altar of Gozag.
  1320 | D:2      | Noticed Terence
  1326 | D:2      | Reached skill level 3 in Maces & Flails
  1339 | D:2      | Killed Terence
  1340 | D:2      | Gained mutation: You have a small tail. [demonic ancestry]
  1340 | D:2      | Reached XP level 4. HP: 23/32 MP: 4/4
  1490 | D:2      | Reached skill level 4 in Maces & Flails
  1545 | D:2      | Gained mutation: You may rarely emit foul miasma when
                  | damaged in melee. [demonic ancestry]
  1545 | D:2      | Reached XP level 5. HP: 23/37 MP: 5/5
  1784 | D:2      | Found a faded altar of an unknown god.
  2065 | D:3      | Reached skill level 5 in Maces & Flails
  2436 | D:3      | Noticed Sigmund
  2501 | D:3      | Noticed Ijyb
  2508 | D:3      | Killed Sigmund
  2509 | D:3      | Reached skill level 6 in Maces & Flails
  2509 | D:3      | Gained mutation: Spells you cast may paralyse nearby
                  | enemies. [demonic ancestry]
  2509 | D:3      | Reached XP level 6. HP: 43/43 MP: 6/6
  2732 | D:3      | Found Neeshrevi's Distillery.
  2793 | D:3      | Found a shimmering blue altar of Sif Muna.
  3086 | D:3      | Bought 2 potions of curing for 72 gold pieces
  3086 | D:3      | Bought a potion of curing for 36 gold pieces
  3329 | D:4      | Found a staircase to the Ecumenical Temple.
  3347 | Temple   | Entered the Ecumenical Temple
  3450 | D:4      | Found a runed translucent door.
  3478 | D:4      | Reached XP level 7. HP: 43/48 MP: 7/7
  3515 | D:4      | Found a runed translucent door.
  3521 | D:4      | Noticed Aneyh's ghost (novice DgFi)
  3593 | D:4      | Reached skill level 7 in Maces & Flails
  3913 | Temple   | Became a worshipper of Ashenzari the Shackled
  4278 | D:5      | Entered Level 5 of the Dungeon
  4429 | D:5      | Reached skill level 8 in Maces & Flails
  4440 | D:5      | Gained mutation: You have a tail ending in a sharp stinger.
                  | [demonic ancestry]
  4440 | D:5      | Reached XP level 8. HP: 51/54 MP: 8/8
  4816 | D:6      | Reached skill level 9 in Maces & Flails
  4986 | D:6      | Succumbed to a gnoll's poison

Illustrated notes

Levels and vault maps discovered:
D:1:      dpeg_arrival_ratfight, layout_rooms
D:2:      cheibrodos_pilgrimage, layout_loops_cross, basic_altar,
          hellmonk_ecumenical_altar_crossroads, uniq_terence
D:3:      layout_rooms, nicolae_sif_muna_condensation, serial_shops,
          nicolae_shop_window_shopping, uniq_sigmund, uniq_ijyb
D:4:      layout_gridville, minmay_temple_entry_proselytizer,
          ebering_ghost_sewer_f
D:5:      layout_rooms, kennysheep_small_circle
D:6:      layout_rooms, serial_co_window_serial, co_window_paths_a,
          co_window_of_opportunity_a, co_window_paths_b, co_window_paths_b,
          co_window_corner_a, co_window_of_opportunity_a, co_window_corner_a,
          co_window_corner_a, co_window_of_opportunity_a,
          co_window_unsneaky_path_c, co_window_2corner,
          co_window_unsneaky_path_a, co_window_paths_d, glass_columns_a,
          lightli_ossuary_entry_decrepit_ruins, uniq_blork_the_orc
Temple:   zaba_magenta_temple

Skill      XL: |  1  2  3  4  5  6  7  8 |
---------------+-------------------------+-----
Maces & Flails | 1 2 3 4 6 8 9 |  9.2
Fighting       | |  1.0
Armour         | |  1.7
Dodging        | |  0.8
Stealth        | |  0.8
Evocations     | |  3.0

Action                   |  1- 3 |  4- 6 |  7- 9 || total
-------------------------+-------+-------+-------++-------
Melee: Club              |    19 |       |       ||    19
       Whip              |    85 |    39 |   203 ||   327
       Flail             |       |   134 |    26 ||   160
       Tailslap          |       |    24 |    32 ||    56
       Mace              |       |     2 |       ||     2
Throw: Stone             |       |    35 |    13 ||    48
       Dart              |       |     3 |       ||     3
Invok: Curse Item        |       |       |     1 ||     1
Evoke: Wand              |    17 |     2 |       ||    19
       Piece from Xom's  |       |     1 |       ||     1
  Use: Scroll            |     2 |     3 |     2 ||     7
       Potion            |       |     1 |       ||     1
Armor: Leather armour    |     6 |       |       ||     6
       Ring mail         |    20 |       |       ||    20
       Scale mail        |       |    92 |   127 ||   219
Dodge: Dodged            |    63 |    82 |    25 ||   170
Block: Tower shield      |       |    26 |   108 ||   134

Table legend: (Time is in decaauts)
 A = Elapsed time spent in this place.
 B = Non-inter-level travel time spent in this place.
 C = Inter-level travel time spent in this place.
 D = Time resting spent in this place.
 E = Time spent auto-exploring this place.
 F = Levels seen in this place.
 G = Mean time per level.
                   A        B        C        D        E       F      G
               +--------+--------+--------+--------+--------+-----+--------+
         Total |   5099 |   4844 |    255 |    939 |   2445 |   7 |  728.4 |
       Dungeon |   4986 |   4756 |    230 |    939 |   2395 |   6 |  831.0 |
        Temple |    113 |     88 |     25 |      0 |     50 |   1 |  113.0 |
               +--------+--------+--------+--------+--------+-----+--------+

Top non-repeatable levels by time:
     D:1: 1220 daAuts
     D:3: 1155 daAuts
     D:4: 1010 daAuts
     D:2: 855 daAuts
     D:5: 524 daAuts
     D:6: 219 daAuts
  Temple: 113 daAuts
